Croesus, chaotic female elven Ranger ----------- |.......d.| |...%..*MM| +....<*.@)) |.......Vg| |...*^..*.| e ----------- I I Croesus the Trailblazer Experience level: 9 Strength: 18 Dexterity: 14 Constitution: 16 Intelligence: 15 Wisdom: 13 Charisma: 8 Health: 0(73) Energy: 71(71) Def: 22 Gold: 0 Moves: 17028 Dungeon seed: QoYjc--UAkDff9lu Game ID: Croesus_1603826719 Your Inventory: Amulets E - an uncursed amulet of ESP (being worn) Weapons a - an uncursed +1 elven bow (weapon in hand) d - an uncursed +0 spear (alternate weapon; not wielded) i - 18 uncursed poisoned +0 orcish arrows y - 43 uncursed +0 thirsty arrows of detonation L - 14 uncursed +2 elven arrows (in quiver) M - 37 uncursed +0 elven arrows X - 80 uncursed +0 arrows Armor e - a blessed +2 elven cloak (being worn) n - an uncursed +0 dwarvish mithril-coat (being worn) z - an uncursed +0 dwarvish iron helm of drain resistance (being worn) Q - an uncursed +2 pair of iron shoes of fire immunity (being worn) Y - an uncursed +0 dwarvish roundshield (being worn) Comestibles t - an uncursed male lizard corpse Rings c - an uncursed +1 ring of protection f - an uncursed ring of shock immunity j - an uncursed ring of see invisible G - a blessed +4 ring of gain strength I - an uncursed ring of protection from shape changers Wands k - an uncursed wand of polymorph (0:4) m - an uncursed wand of opening (0:5) x - an uncursed wand of digging (0:6) D - an uncursed wand of enlightenment (0:12) H - an uncursed wand of undead turning (0:3) W - an uncursed wand of speed monster (0:4) Z - an uncursed wand of sleep (0:2) Tools b - an uncursed bag of holding h - an uncursed mirror s - an uncursed expensive camera (0:89) u - an uncursed +0 unicorn horn w - an uncursed magic whistle S - an uncursed +0 pick-axe of warning T - an uncursed towel Contents of the bag of holding: an uncursed +2 arrow a blessed +0 arrow an uncursed +2 bow a blessed +1 elven dagger an uncursed +0 alchemy smock a cursed -1 dwarvish cloak of searching an uncursed C-ration an uncursed apple an uncursed banana an uncursed food ration 3 uncursed lembas wafers 2 uncursed lichen corpses 2 uncursed scrolls of earth an uncursed scroll of enchant armor an uncursed scroll of summoning an uncursed scroll of teleportation an uncursed potion of object detection a cursed potion of object detection an uncursed +4 ring of gain strength an uncursed brass lantern (0:1018) an uncursed credit card an uncursed amethyst stone an uncursed jet stone an uncursed worthless piece of orange glass an uncursed worthless piece of yellow glass 202 gold pieces Spells and supernatural/magical abilities: Name Level Category Cost Memory m - magic missile 2 attack 2000pw 90% W - pray for help -- divine ? -- Your skills at the end: Fighting Skills wands [Basic] Weapon Skills dagger [Skilled] spear [Basic] bow [Expert] Spellcasting Skills Final Attributes: You were piously aligned. You were immune to fire. You were cold resistant. You were immune to sleep. You were poison resistant. You were level-drain resistant. You saw invisible. You were strongly telepathic. You had automatic searching. You had infravision. You were stealthy. You were protected. Mars favoured you. You are dead. Vanquished creatures: a vampire a mind flayer 2 giant mimics a long worm a giant mummy 2 wargs 2 small mimics 2 ettin mummies a wood golem a pyrolisk 3 large dogs a flaming sphere a tiger 2 gargoyles a tengu an ochre jelly a leocrotta an energy vortex a pit viper a python a carnivorous ape a soldier a chameleon a giant beetle a quivering blob 4 wolves a lynx a panther 7 leprechauns a mumak an ice vortex a black light 2 vampire bats 3 gnome kings an orc mummy a brown pudding a rust monster a yeti a gold golem a lizard 7 chickatrices a housecat 2 dwarf lords 2 blue jellies a white unicorn a dust vortex a gnome mummy 4 apes a human zombie a soldier ant 5 fire ants a wood nymph 5 water nymphs a mountain nymph 4 Mordor orcs 12 Uruk-hai 3 orc shamans 3 rock piercers 2 rock moles 2 ponies 2 fog clouds a yellow light 15 gnome lords 6 gnomish wizards 2 kobold mummies 3 black naga hatchlings 2 golden naga hatchlings 3 gray oozes 4 straw golems a paper golem 4 giant ants 6 little dogs a floating eye 3 kittens 21 dwarves 2 kobold lords a kobold shaman 4 hill orcs 3 rothes 6 rabid rats 3 centipedes 3 giant bats 3 orc zombies a dwarf zombie a wererat a werejackal 4 iguanas 2 acid blobs 5 coyotes 2 gas spores 6 hobbits 11 manes 2 large kobolds 3 hobgoblins 5 giant rats 7 cave spiders 3 yellow molds 2 green molds 58 gnomes 9 garter snakes 6 gnome zombies 3 geckos 12 jackals 5 foxes 5 goblins 4 sewer rats 21 grid bugs 9 lichens 3 kobold zombies 18 newts 425 creatures vanquished. Voluntary challenges: You used a wielded weapon 280 times, starting on turn 225. You read items or engraved 5 times, starting on turn 3392. You never genocided any monsters. You never polymorphed an object. You never changed form. You used no wishes. You never split a pudding. You never wrote Elbereth's name. You never violated your personal moral code. Dungeon overview: The Dungeons of Doom: levels 1 to 7 Level 1 an altar to Mars, a vault a long staircase Level 2 some fountains stairs to The Gnomish Mines Level 3 a fountain Level 4 a fountain, a vault Level 5 many fountains Level 6 some fountains, a vault stairs to Sokoban Level 7 a vault The Gnomish Mines: levels 3 to 11 Level 3 stairs to The Dungeons of Doom Level 4 Level 5 Level 6 many shops, a temple to Mars, some fountains Level 7 Level 8 Level 9 Level 10 Level 11 <- You were here Sokoban: levels 2 to 5 Level 2 Solved Level 3 Solved Level 4 Solved Level 5 Solved stairs to The Dungeons of Doom History has recorded: On T:1 you entered the Dungeons of Doom to retrieve the Amulet of Yendor! On T:200 you reached level 2 of The Dungeons of Doom. On T:270 you reached level 3 of The Dungeons of Doom. On T:509 you reached level 1 of The Gnomish Mines. On T:826 you advanced to experience level 2. On T:837 you advanced to experience level 3. On T:859 you advanced to experience level 4. On T:1597 you reached level 4 of The Dungeons of Doom. On T:1734 you reached level 5 of The Dungeons of Doom. On T:1811 you advanced to experience level 5. On T:2390 you reached level 6 of The Dungeons of Doom. On T:2755 you reached level 4 of Sokoban. On T:2872 you advanced to experience level 6. On T:3400 you reached level 3 of Sokoban. On T:4203 you reached level 2 of Sokoban. On T:4827 you reached level 1 of Sokoban. On T:4930 you advanced to experience level 7. On T:6862 you reached level 7 of The Dungeons of Doom. On T:7828 you reached level 2 of The Gnomish Mines. On T:8540 you reached level 3 of The Gnomish Mines. On T:8920 you reached level 4 of The Gnomish Mines. On T:8936 you reached level 5 of The Gnomish Mines. On T:10267 you advanced to experience level 8. On T:10747 you reached level 6 of The Gnomish Mines. On T:10933 you reached level 7 of The Gnomish Mines. On T:12890 you advanced to experience level 9. On T:15286 you reached level 8 of The Gnomish Mines. On T:16592 you reached level 9 of The Gnomish Mines. Score breakdown: Gold: 202 ( 7849 points) Experience: 9 levels (15756 points) Exploration: 11 levels ( 22.00%) (13552 points) Discoveries: 34 items ( 11.53%) (10184 points) Valuables value: (no points given unless you survive) Artifact value: 0 ( 0 points) Variety of kills: 110 monsters ( 28.95%) (16140 points) Turncount: 17028 turns (-3164 points) Survival: died (score multiplied by 80%) Total score: 48253 Latest messages: The orc mummy misses Merak. [2 turns] The elven arrow hits the vampire lady! The vampire lady misses. The vampire lady bites! The vampire lady reels... The vampire lady turns to flee! The ettin mummy is walking again! The giant mummy is walking again! The gargoyle is alive again! The gargoyle just misses! The gargoyle hits! The gargoyle misses. The giant mummy hits! (2x) The ettin mummy hits Merak. The ettin mummy misses Merak. Merak bites the ettin mummy. The giant mummy hits! You die... Final status: Goodbye Croesus the Ranger, killed by a giant mummy... You died in The Gnomish Mines on dungeon level 11 with 48253 points, and 202 pieces of gold, after 17028 moves. You were level 9 with a maximum of 73 hit points when you died.